 Dungeon Crawl Stone Soup version 0.30-b1-2-g02819fbbbe (webtiles) character file.

Game seed: 1947518972239301763

17720 raph the Martial Artist (level 12, -9/110 HPs)
             Began as a White Draconian Transmuter on Nov 13, 2023.
             Was a High Priest of Hepliaklqana.
             Mangled by a death yak (18 damage)
             ... on level 1 of the Lair of Beasts.
             The game lasted 00:24:41 (15702 turns).

raph the Martial Artist (DrTm)                     Turns: 15702, Time: 00:24:42

Health: -9/110     AC:  8    Str: 18    XL:     12   Next: 21%
Magic:  18/18      EV: 11    Int: 15    God:    Hepliaklqana [*****.]
Gold:   716        SH:  0    Dex: 16    Spells: 6/19 levels left

rFire   x .          .
                       - Unarmed
rCold   + + +        (shield currently unavailable)
rNeg    . . .        (body armour unavailable)
rPois   +            w - melded +1 hat
rElec   .            j - melded +1 cloak
rCorr   .            (gloves currently unavailable)
SInv    .            r - melded +2 pair of boots {Stlth+}
Will    .....        D - amulet of the acrobat
Stlth   +            e - +6 ring of strength
HPRegen 0.38/turn    o - ring of protection from cold
MPRegen 0.16/turn

%: acrobat
@: ice-form, studying Conjurations
A: freezing attack, amphibious, boosted hp, reduced essence, (breathe frost), AC
+8, large, unfitting armour, (cold resistance 1), (cold-blooded)
a: End Transformation, Renounce Religion, Recall Ancestor, Ancestor Identity,
Transference, Idealise


You were on level 1 of the Lair of Beasts.
You worshipped Hepliaklqana.
Hepliaklqana was extremely pleased with you.
You were a creature of crystalline ice.
You visited 2 branches of the dungeon, and saw 15 of its levels.
You also visited: Bailey.

You collected 1956 gold pieces.
You spent 1240 gold pieces at shops.

Inventory:

Missiles
 g - 57 poisoned darts
 u - a throwing net
 v - 24 curare-tipped darts
Armour
 j - a +1 cloak (melded)
 m - a +0 buckler
 r - a +2 pair of boots of stealth (melded)
 w - a +1 hat (melded)
Jewellery
 e - a +6 ring of strength (left front paw)
 l - a ring of protection from cold
 o - a ring of protection from cold (right front paw)
 y - a +6 ring of strength
 z - an amulet of faith
 D - an amulet of the acrobat (around neck)
Wands
 n - a wand of polymorph (16)
 s - a wand of charming (21)
 x - a wand of flame (23)
 E - a wand of light (7)
 H - a wand of iceblast (7)
 J - a wand of digging (10)
Scrolls
 h - 4 scrolls of identify
 A - 3 scrolls of teleportation
 G - 2 scrolls of summoning
Potions
 a - a potion of lignification
 b - 5 potions of mutation
 f - 2 potions of heal wounds
 i - 2 potions of attraction
 k - 6 potions of curing
 p - 4 potions of flight
 t - a potion of haste
 B - 2 potions of magic
 C - 2 potions of brilliance
 F - 3 potions of might
Miscellaneous
 d - a box of beasts
 I - a phantom mirror


   Skills:
 + Level 8.5 Fighting
 + Level 4.1 Dodging
 * Level 10.6 Unarmed Combat
 + Level 4.1 Spellcasting
 + Level 4.0 Conjurations
 * Level 10.3 Transmutations
 + Level 7.4 Ice Magic
 + Level 7.2 Poison Magic
 + Level 4.2 Invocations


You had 6 spell levels left.
You knew the following spells:

 Your Spells              Type           Power      Damage    Failure   Level
a - Beastly Appendage     Tmut           68%        N/A       1%          1
b - Wereblood             Tmut           34%        N/A       1%          2
c - Spider Form           Tmut/Pois      29%        N/A       1%          3
d - Ice Form              Ice/Tmut       29%        N/A       4%          4
e - Hailstorm             Conj/Ice       20%        3d6       4%          3

Your spell library contained the following spells:

 Spells                   Type           Power      Damage    Failure   Level
 Slow                     Hex            12%        N/A       19%         1
 Stone Arrow              Conj/Erth      18%        3d8       24%         3
 Confusing Touch          Hex            3%         N/A       47%         3
 Vampiric Draining        Necr           3%         2d6       47%         3
 Iskenderun's Battlesphe  Conj           15%        2d7       67%         5
 Simulacrum               Ice/Necr       7%         N/A       99%         6
 Iron Shot                Conj/Erth      4%         9d2       100%        6
 Spellforged Servitor     Conj/Summ      4%         N/A       100%        7
 Lehudib's Crystal Spear  Conj/Erth      4%         10d3      100%        8
 Animate Armour           Summ/Erth      Unusable   N/A       N/A         4

Dungeon Overview and Level Annotations

Branches:
Dungeon (14/15)            Temple (0/1) D:7            Lair (1/5) D:8
    Orc (0/2) D:11         Vaults (0/5) D:14         Bailey (visited)

Altars:
Dithmenos
Gozag
Hepliaklqana
Makhleb
Okawaru
Qazlal
Sif Muna
Vehumet
Zin

Shops:
D:7 [   D:14 *

Portals:
Trove: D:10 (give 7 scrolls of fear)

Annotations:
D:8 4 transporters


Innate Abilities, Weirdness & Mutations

You are a creature of crystalline ice.
You have a powerful freezing melee attack.
You are amphibious.
Your maximum health is increased.
Your armour is entirely melded.
You are incapable of wielding weapons or throwing items.
Your life essence is reduced to manifest your ancestor. (-10% HP)
((You can breathe waves of freezing cold which knock back foes.))
((Your icy white scales are hard. (AC +8)))
You cannot fit into any form of body armour.
((Your flesh is cold resistant. (rC+)))
((You are cold-blooded and may be slowed by cold attacks.))


Message History

You catch the helpless bullfrog completely off-guard!
You hit the bullfrog.
The bullfrog seems to slow down.
You freeze the bullfrog.
The bullfrog is severely wounded.
Bozena barely misses the bullfrog.
The bullfrog barely misses you.
A death yak comes into view.
The bullfrog hits you.
You barely miss the bullfrog.
The bullfrog is severely wounded.
You feel sick. The bullfrog hits you. x2
You are too injured to fight recklessly!
The death yak attacks as you move away! The death yak gores you.
The bullfrog attacks as you move away! The bullfrog hits you.
You feel sick.
Bozena hits the bullfrog with a +0 flail!
The bullfrog dies!
You feel sick.
Bozena hits the bullfrog with a +0 flail!
The bullfrog closely misses you.
You barely miss the bullfrog.
The bullfrog is moderately wounded.
You feel sick.
You are no longer poisoned.
The bullfrog closely misses you. The death yak gores you.
You punch the bullfrog! You freeze the bullfrog.
You kill the bullfrog!
Bozena barely misses the death yak.
A death yak comes into view.
The death yak gores you!
* * * LOW HITPOINT WARNING * * *
Bozena hits the death yak with a +0 flail!
Bozena blocks the death yak's attack.
The death yak attacks as you move away! The death yak completely misses you.
The death yak attacks as you move away! The death yak gores you!!
* * * LOW HITPOINT WARNING * * *
A bullfrog comes into view.
As you read the scroll of fear, it crumbles to dust.
You assume a fearsome visage.
The death yak resists with some effort.
The death yak looks frightened!
The bullfrog looks frightened!
The bullfrog croaks.
The death yak gores you!!
You die...

####...## #.......#
##...## #......## ##...##
#......## ##...###
#.......# ##....#
#÷.÷...P#
##...###......##
##...#.......P#
#...........##
#######..Y......#
.#######..#####Y.......#
..........YR.R.........#
........Y.....Y........#
.......††...............#
......†.................#
.>.....................P
........................
..#################.#P.


You could see the friendly Bozena the knight and 2 death yaks.

Vanquished Creatures
  A centaur warrior (D:13)
  A two-headed ogre (D:11)
  A boulder beetle (D:11)
  A black mamba (Lair:1)
  4 elephants (Lair:1)
  2 cane toads (Lair:1)
  An unseen horror (D:11)
  Psyche (D:10)
  3 komodo dragons (D:8)
  3 trolls
  Prince Ribbit (D:6)
  Sigmund (D:5)
  A slime creature (D:14)
  A shadow (D:10)
  2 vampires
  21 yaks
  2 steam dragons
  2 acid dragons (D:10)
  5 water moccasins
  4 orc warriors
  A sky beast (D:7)
  An ice beast (D:7)
  A black bear (D:8)
  4 centaurs
  3 wolves (Lair:1)
  A phantom (D:6)
  7 kobold brigands
  Blork the orc (D:5)
  5 bullfrogs
  A scorpion (D:6)
  A water moccasin zombie (D:4)
  6 wights
  5 killer bees
  3 howler monkeys
  2 centaur zombies (D:4)
  A bullfrog zombie (D:4)
  A jelly (D:5)
  A gnoll bouda (D:6)
  7 orc priests
  4 hounds
  An iguana (D:7)
  Crazy Yiuf (D:2)
  Natasha (thrice) (D:4)
  3 orc wizards
  2 scorpion zombies (D:4)
  A sleepcap (D:4)
  2 hound zombies (D:4)
  13 gnolls
  A howler monkey skeleton (D:4)
  10 adders
  A shadow imp (D:7)
  2 white imps
  3 ufetubi
  2 adder skeletons (D:4)
  5 adder zombies (D:4)
  A worm (D:4)
  3 dart slugs
  25 orcs
  8 bats
  9 endoplasms
  A giant cockroach (D:3)
  11 goblins
  9 hobgoblins
  3 jackals (D:5)
  5 quokkas
  11 ball pythons
  2 frilled lizards
  30 kobolds
  4 rats
  A spectral orc (D:3)
287 creatures vanquished.

Vanquished Creatures (collateral kills)
  An ugly thing (D:11)
  An elephant (Lair:1)
  2 wraiths
  2 yaks
  A steam dragon (D:9)
  A water moccasin (Lair:1)
  3 orc warriors
  A sky beast (D:7)
  A black bear (D:8)
  A centaur (D:8)
  2 kobold brigands
  3 bullfrogs
  A gnoll sergeant (D:9)
  A wight (D:10)
  3 hounds
  2 orc priests (D:10)
  A sleepcap (D:6)
  An orc wizard (D:10)
  3 gnolls
  3 orcs
  2 goblins (D:8)
  A jackal (D:5)
  9 kobolds
46 creatures vanquished.

Vanquished Creatures (others)
  3 knights
  A bush (D:7)
  48 fungi
  65 plants
  4 withered plants (D:4)
121 creatures vanquished.

Grand Total: 454 creatures vanquished

Notes
Turn   | Place    | Note
-------+----------+-------------------------------------------
     0 | D:1      | raph the Draconian Transmuter began the quest for the Orb.
     0 | D:1      | Reached XP level 1. HP: 16/16 MP: 3/3
   276 | D:1      | Reached XP level 2. HP: 23/23 MP: 1/5
   291 | D:1      | Learned a level 2 spell: Wereblood
   871 | D:2      | Reached XP level 3. HP: 29/29 MP: 6/6
   889 | D:2      | Learned a level 3 spell: Spider Form
  1288 | D:2      | Found a faded altar of an unknown god.
  1354 | D:2      | Found a runed translucent door.
  1355 | D:2      | Noticed Crazy Yiuf
  1366 | D:2      | Killed Crazy Yiuf
  1367 | D:2      | Reached XP level 4. HP: 12/37 MP: 3/7
  1764 | D:3      | Found a hazy altar of Hepliaklqana.
  1778 | D:3      | Became a worshipper of Hepliaklqana the Forgotten
  2062 | D:3      | Reached XP level 5. HP: 42/45 MP: 6/8
  2180 | D:3      | Found an opulent altar of Gozag.
  2853 | D:4      | Noticed Natasha
  2882 | D:4      | Killed Natasha
  2883 | D:4      | Reached skill level 1 in Poison Magic
  2997 | D:4      | Reached XP level 6. HP: 16/52 MP: 7/9
  3244 | D:4      | Reached skill level 5 in Unarmed Combat
  3244 | D:4      | Your scales start taking on an icy white colour.
  3244 | D:4      | Reached XP level 7. HP: 49/60 MP: 7/10
  3244 | D:4      | Gained mutation: Your flesh is cold resistant. (rC+) [White
                  | Draconian growth]
  3274 | D:4      | Found a shimmering blue altar of Sif Muna.
  3286 | D:4      | Noticed Natasha
  3294 | D:4      | Killed Natasha
  3459 | D:4      | Noticed Natasha
  3465 | D:4      | Killed Natasha
  3601 | D:4      | Reached * piety under Hepliaklqana
  3895 | D:5      | Entered Level 5 of the Dungeon
  3980 | D:5      | Learned a level 4 spell: Ice Form
  4117 | D:5      | Noticed Blork the orc
  4127 | D:5      | Killed Blork the orc
  4471 | D:5      | Noticed Sigmund
  4489 | D:5      | Killed Sigmund
  4490 | D:5      | Reached skill level 5 in Fighting
  4490 | D:5      | Reached skill level 5 in Transmutations
  4490 | D:5      | Reached skill level 1 in Ice Magic
  4490 | D:5      | Reached XP level 8. HP: 54/61 MP: 7/11
  5075 | D:6      | Reached ** piety under Hepliaklqana
  5232 | D:6      | Remembered your ancestor Bozena as a knight
  5333 | D:6      | Noticed Prince Ribbit
  5360 | D:6      | Killed Prince Ribbit
  5968 | D:6      | Reached XP level 9. HP: 13/64 MP: 8/12
  6305 | D:6      | Found a radiant altar of Vehumet.
  7019 | D:7      | Found a staircase to the Ecumenical Temple.
  7152 | D:7      | Reached *** piety under Hepliaklqana
  7543 | D:7      | Found a burning altar of Makhleb.
  7715 | D:7      | Found a glowing silver altar of Zin.
  7731 | D:7      | Found Acwiduxe's Armour Shoppe.
  8118 | D:8      | Found a stormy altar of Qazlal.
  8162 | D:8      | Noticed a komodo dragon
  8171 | D:8      | Killed a komodo dragon
  8172 | D:8      | Reached skill level 5 in Poison Magic
  8191 | D:8      | Found a flagged portal.
  8239 | D:8      | Reached skill level 5 in Ice Magic
  8247 | D:8      | Reached XP level 10. HP: 27/75 MP: 9/13
  8286 | Bailey   | Entered a bailey
  8713 | Bailey   | Found a burning altar of Makhleb.
  8827 | D:8      | Found a staircase to the Lair.
  8980 | D:8      | Reached **** piety under Hepliaklqana
  8989 | D:8      | Found a transporter.
  8994 | D:8      | Found a transporter.
  9004 | D:8      | Found a transporter.
  9024 | D:8      | Found an iron altar of Okawaru.
  9336 | D:8      | Found a transporter.
  9341 | D:8      | Learned a level 3 spell: Hailstorm
  9404 | D:9      | Found a shadowy altar of Dithmenos.
 10098 | D:9      | Reached skill level 1 in Invocations
 10474 | D:10     | Entered Level 10 of the Dungeon
 10767 | D:10     | Found a portal to a secret trove of treasure.
 10908 | D:10     | Identified the +6 spear of Impermanence {vamp, rC++}
 11162 | D:10     | Reached XP level 11. HP: 82/83 MP: 10/15
 11724 | D:10     | Noticed Psyche
 11734 | D:10     | Killed Psyche
 12048 | D:11     | You fall into a shaft and drop 3 floors!
 12048 | D:14     | Found Dipoefire's Assorted Antiques.
 12075 | D:14     | Bought a phantom mirror for 1240 gold pieces
 12194 | D:14     | Noticed a green ugly thing
 12194 | D:14     | Noticed a green ugly thing
 12194 | D:14     | Noticed a green ugly thing
 12263 | D:14     | Found a gate to the Vaults.
 12263 | D:14     | Noticed a yaktaur captain
 12272 | D:14     | Noticed a green ugly thing
 12277 | D:14     | Noticed a centaur warrior
 12443 | D:14     | Noticed a brown ugly thing
 12444 | D:14     | Noticed a white ugly thing
 12447 | D:14     | Noticed a brown ugly thing
 12470 | D:14     | Noticed a white ugly thing
 12529 | D:13     | Noticed a centaur warrior
 12539 | D:13     | Killed a centaur warrior
 12540 | D:13     | Reached skill level 1 in Conjurations
 12660 | D:12     | HP: 5/100 [gnoll/+0 whip[a gnoll sergeant] (8)]
 12865 | D:11     | Found a staircase to the Orcish Mines.
 13556 | D:11     | Noticed a brown ugly thing
 13560 | D:11     | Noticed a boulder beetle
 13570 | D:11     | Killed a brown ugly thing
 13571 | D:11     | Reached skill level 10 in Unarmed Combat
 13794 | D:11     | Killed a boulder beetle
 14422 | D:11     | Noticed a two-headed ogre
 14429 | D:11     | Killed a two-headed ogre
 14794 | Lair:1   | Entered Level 1 of the Lair of Beasts
 14810 | Lair:1   | Reached skill level 10 in Transmutations
 14847 | Lair:1   | Reached XP level 12. HP: 17/92 MP: 17/17
 15677 | Lair:1   | Reached ***** piety under Hepliaklqana
 15683 | Lair:1   | Noticed a death yak
 15686 | Lair:1   | Noticed a death yak
 15689 | Lair:1   | Noticed a death yak
 15694 | Lair:1   | Noticed a death yak
 15702 | Lair:1   | Mangled by a death yak

Illustrated notes

Levels and vault maps discovered:
D:1:      lemuel_arrival_tunnels, layout_basic
D:2:      layout_basic, hellmonk_ecumenical_altar_lost_god,
          kennysheep_generic_room_10, uniq_crazy_yiuf_cottage
D:3:      layout_basic, mainiacjoe_overflow_alcove_2,
          nicolae_hepliaklqana_monster_ancestors, serial_forest,
          infiniplex_forest_clump_small, infiniplex_forest_lined_ring,
          infiniplex_forest_clump_tiny, infiniplex_forest_straight_1,
          infiniplex_forest_straight_2, infiniplex_forest_clump_long,
          infiniplex_forest_straight_2
D:4:      layout_basic, nicolae_sif_muna_condensation, serial_undead,
          serial_undead_c, serial_undead_b, serial_undead_d, serial_undead_c,
          serial_undead_b, serial_undead_b, serial_undead_a, serial_undead_d,
          uniq_natasha
D:5:      layout_loops_ring, hangedman_abyss_or_decor_slice, minivault_27,
          kennysheep_crisscross, abandoned_shop, uniq_blork_the_orc,
          uniq_sigmund
D:6:      kennysheep_kobold_camp, layout_loops_ring, vehumet_altar_wand_db,
          kennysheep_doodads, serial_bayou_ford_a, uniq_prince_ribbit1
D:7:      layout_cave_pools, mainiacjoe_overflow_tiny_flanked, kennysheep_mini,
          temple_fountains, serial_shops, shop, serial_park,
          serial_park_avenue1, serial_park_square2
D:8:      layout_gridville, grunt_qazlal_clouds, okawaru_gym_becter,
          due_lair_maze_entry_diamond, enter_bailey_5,
          nicolae_transporter_circle
D:9:      layout_long_grid, amcnicky_altar_gilded, kennysheep_generic_room_6
D:10:     layout_gridville, nicolae_trove_entry_isolated, uniq_psyche
D:11:     layout_roguey, david_orc_2
D:12:     layout_irregular_city, serial_column_ruins, column_ruins_square_huge,
          column_ruins_columns_T, column_ruins_corridor_straight,
          column_ruins_grid_1, column_ruins_corridor_corner,
          column_ruins_corridor_corner, column_ruins_open_tiny,
          column_ruins_columns_straight, minmay_misc_feat_ornament
D:13:     layout_roguey, nrook_uturn, minmay_microvault
D:14:     layout_loops_corners, david_vaults_2, kiku_gazebo_pond_becter,
          serial_shops, nicolae_shop_tiny_statue_garden
Lair:1:   layout_hall_layers, chequers_serial_rivers_large_b

Skill      XL: |  1  2  3  4  5  6  7  8  9 10 11 12 |
---------------+-------------------------------------+-----
Fighting       | 2 3 4 5 6 7 8 |  8.5
Transmutations | 3 4 5 6 7 9 10 | 10.3
Unarmed Combat | 4 5 6 8 9 10 | 10.6
Poison Magic   | 1 2 3 4 5 6 7 |  7.2
Ice Magic      | 1 3 5 6 7 |  7.4
Dodging        | 2 3 4 |  4.1
Invocations    | 2 3 4 |  4.2
Spellcasting   | 3 4 |  4.1
Conjurations   | 3 4 |  4.0

Action                     |  1- 3 |  4- 6 |  7- 9 | 10-12 || total
---------------------------+-------+-------+-------+-------++-------
  Melee: Unarmed           |    76 |   171 |   262 |   300 ||   809
         Kick              |    21 |    32 |    44 |    10 ||   107
         Tailslap          |    10 |    24 |    33 |     8 ||    75
         Punch             |     2 |     3 |    12 |     2 ||    19
         Headbutt          |     9 |    17 |    23 |     6 ||    55
  Throw: Dart              |       |       |       |     1 ||     1
   Cast: Beastly Appendage |    19 |    25 |    30 |     7 ||    81
         Wereblood         |     2 |     8 |    13 |    14 ||    37
         Spider Form       |       |       |     3 |    11 ||    14
         Ice Form          |       |       |     4 |    23 ||    27
 Invoke: Ancestor Life: Kn |       |       |     1 |       ||     1
         Recall Ancestor   |       |       |     1 |     4 ||     5
Ability: Breathe Frost     |       |       |     3 |     7 ||    10
         End Transformatio |       |       |       |     1 ||     1
    Use: Scroll            |       |       |    17 |    11 ||    28
         Potion            |       |       |     1 |     3 ||     4
   Stab: Distracted        |       |     1 |     4 |     6 ||    11
         Sleeping          |       |       |     4 |       ||     4
 Armour: Skin              |    16 |    59 |    97 |    73 ||   245
  Dodge: Dodged            |    44 |   112 |   175 |   320 ||   651
